EVO
PENNSYLVANIA STATE UNIVERSITY NITTANY LIONS @ UNIVERSITY OF CALIFORNIA GOLDEN BEARS
09/30/2048
 
TOP OF THE 1ST
Pennsylvania State University Nittany Lions batting - Pitching for University of California Golden Bears : LHP Tyler Hunter
Pitching: LHP Tyler Hunter
Batting: RHB James Steinmetz 0-0: Called Strike
0-1: Ball
1-1: Ball
2-1: SINGLE (Groundball, 6MS, EV 81.9 MPH) (infield hit)
Batting: RHB Pete Martin 0-0: Ball
1-0: Ball
2-0: Called Strike
2-1: Swinging Strike
2-2: Fly out, F6 (Line Drive, 56D, EV 68.8 MPH)
Batting: RHB Josh Ebeling 0-0: Ball
1-0: Foul Ball, location: 2F
1-1: Called Strike
1-2: Ball
2-2: Ball
3-2: SINGLE (Groundball, 4MD, EV 107.5 MPH)
James Steinmetz to second
Batting: RHB Rob Hinojosa 0-0: Ball
1-0: Called Strike
1-1: Swinging Strike
1-2: Foul Ball, location: 2F
1-2: SINGLE (Groundball, 56D, EV 94.4 MPH)
James Steinmetz to third
Josh Ebeling to second
Runner from 3rd tries for Home, SAFE, throw by LF to home
Batting: RHB Joe Strachan 0-0: Called Strike
0-1: Swinging Strike
0-2: Ball
1-2: Strikes out swinging
Batting: RHB Victor Victorino 0-0: Swinging Strike
0-1: Called Strike
0-2: Ball
1-2: Foul Ball, location: 2F
1-2: Foul Ball, location: 2F
1-2: Strikes out swinging
Top of the 1st over - 1 run, 3 hits, 0 errors, 2 left on base; Pennsylvania State University 1 - University of California 0
BOTTOM OF THE 1ST
University of California Golden Bears batting - Pitching for Pennsylvania State University Nittany Lions : RHP Ian Hancock
Pitching: RHP Ian Hancock
Batting: LHB Luis Orellana 0-0: Ball
1-0: Foul Ball, location: 2F
1-1: SINGLE (Groundball, 56D, EV 100.0 MPH)
Batting: RHB Tim Spence 0-0: Called Strike
0-1: Foul Ball, location: 2F
0-2: Ball
Luis Orellana steals 2nd base
1-2: Foul Ball, location: 2F
1-2: 2-RUN HOME RUN (Flyball, 9LD, EV 93.8 MPH), Distance : 330 ft
Batting: LHB Carlos Gaona 0-0: Swinging Strike
0-1: Foul Ball, location: 2LF, Error on foul ball, E2
0-2: Ball
1-2: Ground out U3 (Groundball, 34, EV 105.6 MPH)
Batting: RHB Nate Mahon 0-0: Ball
1-0: Ball
2-0: Foul Ball, location: 2F
2-1: Ground out 4-3 (Groundball, 4M, EV 81.9 MPH)
Batting: SHB Nick Jansen 0-0: Called Strike
0-1: Called Strike
0-2: Ball
1-2: DOUBLE (Line Drive, 5D, EV 96.9 MPH)
Batting: RHB Juan Debayle 0-0: Ball
1-0: Ball
2-0: Foul Ball, location: 2F
2-1: Foul Ball, location: 2F
2-2: Foul Ball, location: 2F
2-2: Strikes out swinging
Bottom of the 1st over - 2 runs, 3 hits, 1 error, 1 left on base; Pennsylvania State University 1 - University of California 2
TOP OF THE 2ND
Pennsylvania State University Nittany Lions batting - Pitching for University of California Golden Bears : LHP Tyler Hunter
Batting: RHB Francisco Velazquez 0-0: Called Strike
0-1: Foul Ball, location: 2F
0-2: Strikes out swinging
Batting: RHB Zachary Roberts 0-0: Called Strike
0-1: Ball
1-1: Foul Ball, location: 2F
1-2: Strikes out swinging
Batting: RHB Perry Brantley 0-0: Called Strike
0-1: Ball
1-1: Ball
2-1: Foul Ball, location: 2F
2-2: Ball
3-2: Strikes out swinging
Top of the 2nd over - 0 runs, 0 hits, 0 errors, 0 left on base; Pennsylvania State University 1 - University of California 2
BOTTOM OF THE 2ND
University of California Golden Bears batting - Pitching for Pennsylvania State University Nittany Lions : RHP Ian Hancock
Batting: LHB Jonathan Sosa 0-0: Ground out 4-3 (Groundball, 4, EV 82.5 MPH)
Batting: RHB Mike Wilson 0-0: Fly out, F5 (Popup, 5S, EV 81.2 MPH)
Batting: RHB Bill Gallardo 0-0: Ball
1-0: SINGLE (Groundball, 6MD, EV 95.0 MPH)
Batting: LHB Luis Orellana 0-0: Ball
1-0: Fly out, F9 (Flyball, 89S, EV 80.6 MPH)
Bottom of the 2nd over - 0 runs, 1 hit, 0 errors, 1 left on base; Pennsylvania State University 1 - University of California 2
TOP OF THE 3RD
Pennsylvania State University Nittany Lions batting - Pitching for University of California Golden Bears : LHP Tyler Hunter
Pitching: LHP John van Asten
Batting: RHB James Steinmetz 0-0: Ball
1-0: Called Strike
1-1: Fly out, F4 (Popup, 34, EV 51.2 MPH)
Batting: RHB Pete Martin 0-0: Called Strike
0-1: Ball
1-1: Foul Ball, location: 2F
1-2: SOLO HOME RUN (Flyball, 78XD, EV 108.8 MPH) (Inside the Park)
Batting: RHB Josh Ebeling 0-0: Ball
1-0: Foul Ball, location: 2F
1-1: Ball
2-1: Ball
3-1: Foul Ball, location: 2F
3-2: Strikes out swinging
Batting: RHB Rob Hinojosa 0-0: Swinging Strike
0-1: SOLO HOME RUN (Flyball, 7LD, EV 94.4 MPH), Distance : 340 ft
Batting: RHB Joe Strachan 0-0: Called Strike
0-1: Ball
1-1: Foul Ball, location: 2F
1-2: Ball
2-2: Ground out 5-3 (Groundball, 56S, EV 86.2 MPH)
Top of the 3rd over - 2 runs, 2 hits, 0 errors, 0 left on base; Pennsylvania State University 3 - University of California 2
BOTTOM OF THE 3RD
University of California Golden Bears batting - Pitching for Pennsylvania State University Nittany Lions : RHP Ian Hancock
Batting: RHB Tim Spence 0-0: Ball
1-0: Ground out 4-3 (Groundball, 4, EV 100.0 MPH)
Batting: LHB Carlos Gaona 0-0: Fly out, F7 (Flyball, 78M, EV 93.1 MPH)
Batting: RHB Nate Mahon 0-0: Foul Ball, location: 2F
0-1: Ball
1-1: Reaches on Catchers interference
Batting: SHB Nick Jansen 0-0: Called Strike
0-1: Ball
1-1: Ball
2-1: Foul Ball, location: 2F
2-2: Fly out, F9 (Flyball, 9D, EV 92.5 MPH)
Bottom of the 3rd over - 0 runs, 0 hits, 1 error, 1 left on base; Pennsylvania State University 3 - University of California 2
TOP OF THE 4TH
Pennsylvania State University Nittany Lions batting - Pitching for University of California Golden Bears : LHP John van Asten
Batting: RHB Victor Victorino 0-0: Ball
1-0: Called Strike
1-1: Ball
2-1: Foul Ball, location: 2F
2-2: Foul Ball, location: 2F
2-2: Ball
3-2: Base on Balls
Batting: RHB Francisco Velazquez 0-0: Ball
1-0: Fielders Choice at 2nd, 3-6 (Groundball, 34, EV 81.9 MPH)
Batting: RHB Zachary Roberts 0-0: Ball
1-0: Fly out, F8 (Flyball, 8RD, EV 88.1 MPH)
Batting: RHB Perry Brantley 0-0: Ball
1-0: Swinging Strike
1-1: Ball
2-1: Called Strike
2-2: Ball
3-2: SINGLE (Flyball, 9LS, EV 96.2 MPH)
Francisco Velazquez to second
Francisco Velazquez to third
Pitching: LHP Jimmy Bolton
Batting: RHB James Steinmetz 0-0: Called Strike
0-1: Ball
1-1: Foul Ball, location: 2F
1-2: SINGLE (Groundball, 4M, EV 105.6 MPH) (infield hit)
Francisco Velazquez scores
Perry Brantley to second
Batting: RHB Pete Martin 0-0: Ball
1-0: Foul Ball, location: 2F
1-1: Foul Ball, location: 3F, Error on foul ball, E3
1-2: Fly out, F8 (Flyball, 8RM, EV 85.6 MPH)
Top of the 4th over - 1 run, 2 hits, 1 error, 2 left on base; Pennsylvania State University 4 - University of California 2
BOTTOM OF THE 4TH
University of California Golden Bears batting - Pitching for Pennsylvania State University Nittany Lions : RHP Ian Hancock
Batting: RHB Juan Debayle 0-0: Called Strike
0-1: Foul Ball, location: 2F
0-2: Foul Ball, location: 2F
0-2: Ball
1-2: Strikes out swinging
Batting: LHB Jonathan Sosa 0-0: Ground out 4-3 (Groundball, 4M, EV 88.1 MPH)
Batting: RHB Mike Wilson 0-0: Foul Ball, location: 2F
0-1: Foul Ball, location: 2F
0-2: Foul Ball, location: 2F
0-2: Strikes out swinging
Bottom of the 4th over - 0 runs, 0 hits, 0 errors, 0 left on base; Pennsylvania State University 4 - University of California 2
TOP OF THE 5TH
Pennsylvania State University Nittany Lions batting - Pitching for University of California Golden Bears : LHP Jimmy Bolton
Batting: RHB Josh Ebeling 0-0: Ball
1-0: Foul Ball, location: 2F
1-1: Ball
2-1: Swinging Strike
2-2: Strikes out swinging
Batting: RHB Rob Hinojosa 0-0: Called Strike
0-1: Foul Ball, location: 2F
0-2: Ball
1-2: Ball
2-2: Foul Ball, location: 2F
2-2: Foul Ball, location: 2F
2-2: Ball
3-2: Foul Ball, location: 2F
3-2: Base on Balls
Batting: RHB Joe Strachan 0-0: Ball
1-0: Called Strike
1-1: 2-RUN HOME RUN (Line Drive, 7D, EV 98.1 MPH), Distance : 379 ft
Batting: RHB Victor Victorino 0-0: Ball
1-0: Called Strike
1-1: Ball
2-1: Foul Ball, location: 2F
2-2: Ball
3-2: Ground out U3 (Groundball, 34, EV 98.1 MPH)
Batting: RHB Francisco Velazquez 0-0: Ground out 6-3 (Groundball, 6, EV 83.8 MPH)
Top of the 5th over - 2 runs, 1 hit, 0 errors, 0 left on base; Pennsylvania State University 6 - University of California 2
BOTTOM OF THE 5TH
University of California Golden Bears batting - Pitching for Pennsylvania State University Nittany Lions : RHP Ian Hancock
Batting: RHB Bill Gallardo 0-0: Ball
1-0: Ball
2-0: Ball
3-0: Called Strike
3-1: Ground out 6-3 (Groundball, 6S, EV 70.0 MPH)
Batting: LHB Luis Orellana 0-0: Ball
1-0: Called Strike
1-1: DOUBLE (Flyball, 8RXD, EV 96.2 MPH)
Batting: RHB Tim Spence 0-0: Ball
1-0: Called Strike
1-1: 2-RUN HOME RUN (Flyball, 7D, EV 94.4 MPH), Distance : 363 ft
Batting: LHB Carlos Gaona 0-0: Ball
1-0: Ground out 6-3 (Groundball, 6, EV 93.1 MPH)
Batting: RHB Nate Mahon 0-0: Ball
1-0: SOLO HOME RUN (Flyball, 7LD, EV 89.4 MPH), Distance : 333 ft
Batting: SHB Nick Jansen 0-0: Ball
1-0: Foul Ball, location: 2F
1-1: Ball
2-1: Foul Ball, location: 2F
2-2: Ball
3-2: Foul Ball, location: 2F
3-2: SINGLE (Groundball, P, EV 77.5 MPH) (infield hit)
Batting: RHB Juan Debayle 0-0: Ball
1-0: Swinging Strike
1-1: Ball
2-1: Ball
3-1: Foul Ball, location: 2F
3-2: Strikes out swinging
Bottom of the 5th over - 3 runs, 4 hits, 0 errors, 1 left on base; Pennsylvania State University 6 - University of California 5
TOP OF THE 6TH
Pennsylvania State University Nittany Lions batting - Pitching for University of California Golden Bears : LHP Jimmy Bolton
Batting: RHB Zachary Roberts 0-0: Fly out, F6 (Flyball, 6MD, EV 90.0 MPH)
Batting: RHB Perry Brantley 0-0: Ball
1-0: Foul Ball, location: 2F
1-1: SINGLE (Groundball, 5S, EV 95.0 MPH)
Pitching: RHP Tim Devine
Batting: RHB James Steinmetz 0-0: Ball
1-0: Ball
2-0: Foul Ball, location: 2F
2-1: Ball
3-1: Called Strike
3-2: SINGLE (Groundball, 34D, EV 102.5 MPH)
Perry Brantley to second
Runner from 2nd tries for 3rd, SAFE, no throw by RF
Batting: RHB Pete Martin 0-0: Ball
Wild Pitch!
Perry Brantley scores
James Steinmetz to second
1-0: Foul Ball, location: 2F
1-1: Foul Ball, location: 2F
1-2: Foul Ball, location: 2F
1-2: Foul Ball, location: 2F
1-2: 2-RUN HOME RUN (Flyball, 7D, EV 95.6 MPH), Distance : 361 ft
Batting: RHB Josh Ebeling 0-0: Fly out, F9 (Flyball, 9D, EV 90.6 MPH)
Batting: RHB Rob Hinojosa 0-0: Fly out, F6 (Popup, 6, EV 80.0 MPH)
Top of the 6th over - 3 runs, 3 hits, 0 errors, 0 left on base; Pennsylvania State University 9 - University of California 5
BOTTOM OF THE 6TH
University of California Golden Bears batting - Pitching for Pennsylvania State University Nittany Lions : RHP Ian Hancock
Pitching: RHP Jason Marko
Batting: LHB Jonathan Sosa 0-0: Ground out 4-3 (Groundball, 34D, EV 108.1 MPH)
Batting: RHB Mike Wilson 0-0: Ball
1-0: Ground out 6-3 (Groundball, 6, EV 89.4 MPH)
Batting: RHB Bill Gallardo 0-0: Called Strike
0-1: DOUBLE (Groundball, 5L, EV 93.8 MPH)
Batting: LHB Luis Orellana 0-0: Swinging Strike
0-1: SINGLE (Flyball, 9LS, EV 86.2 MPH)
Bill Gallardo to third
Runner from 3rd tries for Home, throw by RF and OUT! 9-2
Bottom of the 6th over - 0 runs, 2 hits, 0 errors, 1 left on base; Pennsylvania State University 9 - University of California 5
TOP OF THE 7TH
Pennsylvania State University Nittany Lions batting - Pitching for University of California Golden Bears : RHP Tim Devine
Pitching: RHP Howie Abrams
Batting: RHB Joe Strachan 0-0: Ball
1-0: Called Strike
1-1: Ball
2-1: Ball
3-1: SINGLE (Groundball, 4MD, EV 105.0 MPH)
Batting: RHB Victor Victorino 0-0: Swinging Strike
0-1: Grounds into double play, 4-6-3 (Groundball, 4, EV 80.6 MPH)
Batting: RHB Francisco Velazquez 0-0: Ball
1-0: Swinging Strike
1-1: Foul Ball, location: 2F
1-2: Strikes out swinging
Top of the 7th over - 0 runs, 1 hit, 0 errors, 0 left on base; Pennsylvania State University 9 - University of California 5
BOTTOM OF THE 7TH
University of California Golden Bears batting - Pitching for Pennsylvania State University Nittany Lions : RHP Jason Marko
Batting: RHB Tim Spence 0-0: Ball
1-0: Ball
2-0: Ball
3-0: Base on Balls
Batting: LHB Carlos Gaona 0-0: Ball
1-0: Ball
2-0: Foul Ball, location: 2F
2-1: Foul Ball, location: 2F
2-2: SINGLE (Flyball, 7LS, EV 91.9 MPH)
Tim Spence to second
Batting: RHB Nate Mahon 0-0: SINGLE (Line Drive, 7LM, EV 103.1 MPH)
Tim Spence to third
Carlos Gaona to second
Runner from 3rd tries for Home, SAFE, throw by LF to home
Batting: SHB Nick Jansen 0-0: Ball
1-0: Ball
2-0: Swinging Strike
2-1: Ball
3-1: Called Strike
3-2: Fielders Choice at 2nd, 3-6 (Groundball, 34, EV 88.1 MPH)
Carlos Gaona to third
Pitching: RHP Hector Guzman
Batting: RHB Juan Debayle 0-0: Called Strike
0-1: Ball
1-1: Ball
2-1: Ball
3-1: Foul Ball, location: 2F
3-2: Strikes out swinging
Batting: LHB Jonathan Sosa 0-0: Swinging Strike
0-1: Swinging Strike
0-2: Foul Ball, location: 2F
0-2: Ball
1-2: Foul Ball, location: 2F
1-2: Strikes out swinging
Bottom of the 7th over - 1 run, 2 hits, 0 errors, 2 left on base; Pennsylvania State University 9 - University of California 6
TOP OF THE 8TH
Pennsylvania State University Nittany Lions batting - Pitching for University of California Golden Bears : RHP Howie Abrams
Pitching: RHP Danny Rodriguez
Batting: RHB Zachary Roberts 0-0: Foul Ball, location: 2F
0-1: Foul Ball, location: 2F
0-2: Foul Ball, location: 2F
0-2: Foul Ball, location: 2F
0-2: Ball
1-2: Foul Ball, location: 2F
1-2: Foul Ball, location: 2F
1-2: Fly out, F7 (Flyball, 7, EV 74.4 MPH)
Batting: RHB Perry Brantley 0-0: Ball
1-0: Ball
2-0: Foul Ball, location: 2F
2-1: Foul Ball, location: 2F
2-2: SINGLE (Groundball, 34D, EV 95.6 MPH)
Batting: RHB James Steinmetz 0-0: Ball
1-0: Ball
2-0: Ball
Wild Pitch!
Perry Brantley to second
3-0: Called Strike
3-1: Base on Balls
Batting: RHB Pete Martin 0-0: Swinging Strike
0-1: Ball
1-1: Foul Ball, location: 2F
1-2: Foul Ball, location: 2F
1-2: Foul Ball, location: 2F
1-2: Foul Ball, location: 2F
1-2: Ball
2-2: SINGLE (Groundball, 25, EV 70.0 MPH) (infield hit)
Perry Brantley to third
James Steinmetz to second
Pitching: RHP Luis Lopez
Batting: RHB Josh Ebeling 0-0: Ball
1-0: Ball
2-0: Ball
3-0: Base on Balls
Perry Brantley scores
James Steinmetz to third
Pete Martin to second
Batting: RHB Rob Hinojosa 0-0: Ball
1-0: Called Strike
1-1: Fly out, F9 (Flyball, 9D, EV 85.6 MPH)
Runner from 3rd tags up, SCORES, no throw by RF
Pete Martin to third
Batting: RHB Joe Strachan 0-0: Foul Ball, location: 2F
0-1: Foul Ball, location: 2F
0-2: Ball
1-2: Ball
2-2: DOUBLE (Line Drive, 7D, EV 91.9 MPH)
Pete Martin scores
Josh Ebeling to third
Runner from 3rd tries for Home, SAFE, no throw by LF
Batting: RHB Victor Victorino 0-0: Ball
1-0: Called Strike
1-1: Ball
2-1: Foul Ball, location: 2F
2-2: Fly out, F8 (Flyball, 8LXD, EV 106.9 MPH)
Top of the 8th over - 4 runs, 3 hits, 0 errors, 1 left on base; Pennsylvania State University 13 - University of California 6
BOTTOM OF THE 8TH
University of California Golden Bears batting - Pitching for Pennsylvania State University Nittany Lions : RHP Hector Guzman
Batting: RHB Mike Wilson 0-0: Ball
1-0: Ball
2-0: Ball
3-0: Base on Balls
Batting: RHB Bill Gallardo 0-0: Called Strike
0-1: Fly out, F7 (Flyball, 7LM, EV 81.2 MPH)
Batting: LHB Luis Orellana 0-0: Called Strike
0-1: Ball
1-1: Foul Ball, location: 2F
1-2: Strikes out swinging
Batting: RHB Tim Spence 0-0: Called Strike
0-1: Ball
1-1: Ball
2-1: Swinging Strike
2-2: 2-RUN HOME RUN (Flyball, 7D, EV 96.9 MPH), Distance : 378 ft
Batting: LHB Carlos Gaona 0-0: Foul Ball, location: 2F
0-1: Ball
1-1: Swinging Strike
1-2: Foul Ball, location: 2F
1-2: Fly out, F8 (Flyball, 89S, EV 95.6 MPH)
Bottom of the 8th over - 2 runs, 1 hit, 0 errors, 0 left on base; Pennsylvania State University 13 - University of California 8
TOP OF THE 9TH
Pennsylvania State University Nittany Lions batting - Pitching for University of California Golden Bears : RHP Luis Lopez
Batting: RHB Francisco Velazquez 0-0: Ground out 6-3 (Groundball, 6, EV 103.1 MPH)
Batting: RHB Zachary Roberts 0-0: Foul Ball, location: 2F
0-1: Foul Ball, location: 2F
0-2: Foul Ball, location: 2F
0-2: Foul Ball, location: 2F
0-2: Strikes out looking
Batting: RHB Perry Brantley 0-0: Called Strike
0-1: Swinging Strike
0-2: Strikes out swinging
Top of the 9th over - 0 runs, 0 hits, 0 errors, 0 left on base; Pennsylvania State University 13 - University of California 8
BOTTOM OF THE 9TH
University of California Golden Bears batting - Pitching for Pennsylvania State University Nittany Lions : RHP Hector Guzman
Pitching: RHP Jeremy Webb
Batting: RHB Nate Mahon 0-0: Ball
1-0: Fly out, F8 (Flyball, 8LD, EV 92.5 MPH)
Batting: SHB Nick Jansen 0-0: Ball
1-0: Fly out, F8 (Flyball, 8LD, EV 93.1 MPH)
Batting: RHB Juan Debayle 0-0: Ball
1-0: Foul Ball, location: 2F
1-1: Swinging Strike
1-2: Foul Ball, location: 2F
1-2: Ball
2-2: Ground out 2-3 (Groundball, 2R, EV 65.6 MPH)
Bottom of the 9th over - 0 runs, 0 hits, 0 errors, 0 left on base; Pennsylvania State University 13 - University of California 8
Tuesday, March 28th , 2023 - OOTP Baseball 23.10 Build 110